 Dungeon Crawl Stone Soup version 0.22-a0-565-gfc6459a (webtiles) character file.

37 Amnesiac the Digger (level 3, -1/16 HPs)
             Began as a Spriggan Earth Elementalist on June 28, 2018.
             Slain by an orc
             ... wielding a +0 trident
              (9 damage)
             ... on level 4 of the Dungeon.
             The game lasted 00:01:49 (622 turns).

Amnesiac the Digger (Spriggan Earth Elementalist)    Turns: 622, Time: 00:01:50

Health: -1/16      AC:  2    Str:  4    XL:     3   Next: 21%
Magic:  1/8        EV: 18    Int: 17    God:
Gold:   51         SH:  0    Dex: 16    Spells: 5/8 levels left

rFire    . . .     SeeInvis +   m - +0 short sword
rCold    . . .     Gourm    .   (shield restricted)
rNeg     . . .     Faith    .   c - +0 robe
rPois    .         Spirit   .   (helmet restricted)
rElec    .         Reflect  .   (no cloak)
rCorr    .         Harm     .   (gloves unavailable)
MR       .....                  (boots unavailable)
Stlth    ++........             (no amulet)
HPRegen  0.05/turn              (no ring)
MPRegen  0.11/turn              (no ring)

@: lethally poisoned (-1 -> -9), very quick
A: very small, unfitting armour, see invisible, herbivore, speed 3, slow
metabolism 2
a: no special abilities


You were on level 4 of the Dungeon.
You were not hungry.

You visited 1 branch of the dungeon, and saw 4 of its levels.

You collected 51 gold pieces.

Inventory:

Hand Weapons
 m - a +0 short sword (weapon)
Missiles
 b - 18 stones (quivered)
Armour
 c - a +0 robe (worn)
Jewellery
 k - a cursed -3 ring of intelligence {unknown}
Wands
 h - a wand of paralysis (12)
Scrolls
 g - a scroll of enchant armour {!r, unknown}
 i - a scroll of random uselessness {!r, unknown}
 l - a scroll of immolation {!r, unknown}
 n - a scroll of enchant weapon {!r, unknown}
 o - a scroll of identify {!r, unknown}
 p - a scroll of remove curse {!r, unknown}
Potions
 a - a potion of might {!q, unknown}
 e - a potion of ambrosia {!q, unknown}
 f - a potion of haste {!q, unknown}
 j - 2 potions of magic {!q, unknown}
 q - a potion of resistance {!q, unknown}
Comestibles
 d - 2 rations


   Skills:
 - Level 3.0 Dodging
 - Level 3.0 Stealth
 - Level 3.3 Spellcasting
 + Level 2.0 Transmutations
 - Level 3.5 Earth Magic


You had 5 spell levels left.
You knew the following spells:

 Your Spells              Type           Power        Failure   Level  Hunger
a - Sandblast             Erth           ##....       4%          1    None
b - Passwall              Tmut/Erth      ##......     9%          2    ##.....

Your spell library contained the following spells:

 Spells                   Type           Power        Failure   Level  Hunger
 Stone Arrow              Conj/Erth      #.....       24%         3    ###....
 Lee's Rapid Deconstruct  Erth           ##........   73%         5    ######.
 Petrify                  Tmut/Erth      ##......     47%         4    ####...


Dungeon Overview and Level Annotations

Branches:
Dungeon (4/15)
 Temple: D:4-7

Altars:
Makhleb


Innate Abilities, Weirdness & Mutations

You are very small and have problems with some larger weapons.
You are too small for most types of armour.
You have supernaturally acute eyesight. (SInv)
You are a herbivore.
You cover ground extremely quickly.
You need to consume almost no food.


Message History

Aim: an orc, wielding a short sword (severely wounded)
The blast of sand hits the orc.
You kill the orc!
b - 24 stones
Casting: Sandblast (safe; 4% risk of failure)
Confirm with . or Enter, or press ? or * to list all spells.
Aiming: Sandblast (safe; 4% risk of failure)
Press: ? - help, Shift-Dir - straight line, f - orc
Aim: an orc, wearing a ring mail The blast of sand hits the orc.
The orc is heavily wounded.
b - 23 stones The orc shouts!
You hear an angry hiss.
An adder comes into view.
Casting: Sandblast (safe; 4% risk of failure)
Confirm with . or Enter, or press ? or * to list all spells.
Aiming: Sandblast (safe; 4% risk of failure)
Press: ? - help, Shift-Dir - straight line, f/p - orc
Aim: an orc, wearing a ring mail (heavily wounded)
The blast of sand hits the orc.
You kill the orc!
Your Transmutations skill increases to level 2!
b - 22 stones
Casting: Sandblast (safe; 4% risk of failure)
Confirm with . or Enter, or press ? or * to list all spells.
Aiming: Sandblast (safe; 4% risk of failure)
Press: ? - help, Shift-Dir - straight line, f - orc
Aim: an orc, wielding a trident and wearing a ring mail The blast of sand misses the orc.
b - 21 stones The orc hits you from afar with a trident.
Casting: Sandblast (safe; 4% risk of failure)
Confirm with . or Enter, or press ? or * to list all spells.
Aiming: Sandblast (safe; 4% risk of failure)
Press: ? - help, Shift-Dir - straight line, f/p - orc
Aim: an orc, wielding a trident and wearing a ring mail The blast of sand hits the orc.
The orc is moderately wounded.
b - 20 stones The orc closely misses you.
Casting: Sandblast (safe; 4% risk of failure)
Confirm with . or Enter, or press ? or * to list all spells.
Aiming: Sandblast (safe; 4% risk of failure)
Press: ? - help, Shift-Dir - straight line, f/p - orc
Aim: an orc, wielding a trident and wearing a ring mail (moderately wounded)
The blast of sand hits the adder.
The adder is lightly wounded.
b - 19 stones The adder bites you.
You are poisoned.
The adder poisons you!
Casting: Sandblast (safe; 4% risk of failure)
Confirm with . or Enter, or press ? or * to list all spells.
Aiming: Sandblast (safe; 4% risk of failure)
Press: ? - help, Shift-Dir - straight line, f/p - orc
Aim: an orc, wielding a trident and wearing a ring mail (moderately wounded)
The blast of sand hits the adder.
The adder is heavily wounded.
b - 18 stones
* * * LOW HITPOINT WARNING * * *
You feel sick. The adder misses you.
The orc hits you from afar with a trident!
Ouch! That really hurt!
You die...

#########
#.......##
##........#
#........#
#......[.#
#@So[...#
#...).....#
#......#..#
##.......##
##.....##
##....#
#..## #.#


You could see an adder and an orc.

Vanquished Creatures
  2 adders (D:2)
  A leopard gecko (D:2)
  3 orcs
  A giant cockroach (D:1)
  A goblin (D:2)
  2 hobgoblins (D:2)
  3 bats
  A frilled lizard (D:3)
  A kobold (D:2)
  A rat (D:3)
16 creatures vanquished.

Notes
Turn   | Place    | Note
-------+----------+-------------------------------------------
     0 | D:1      | Amnesiac the Spriggan Earth Elementalist began the quest for the Orb.
     0 | D:1      | Reached XP level 1. HP: 9/9 MP: 5/5
   283 | D:2      | Reached XP level 2. HP: 10/13 MP: 0/7
   463 | D:3      | Reached XP level 3. HP: 15/16 MP: 8/8
   539 | D:3      | Learned a level 2 spell: Passwall
   599 | D:3      | Found a burning altar of Makhleb.
   599 | D:3      | Noticed a balrug
   622 | D:4      | Slain by an orc

Vault maps used:
D:1:      elethiomel_arrival_quiet
D:3:      makhleb_altar_promises_db
D:4:      temple_green, first_ration, gammafunk_ghost_grave

Skill      XL: |  1  2  3 |
---------------+----------+-----
Earth Magic    | 3 |  3.5
Spellcasting   | 3 |  3.3
Transmutations | 2 |  2.0
Dodging        | |  3.0
Stealth        | |  3.0

Action                   || total
-------------------------++-------
Melee: Unarmed           ||    10
       Short sword       ||     3
 Cast: Sandblast         ||    31
       Passwall          ||     1
 Stab: Sleeping          ||     2
Armor: Robe              ||     5
Dodge: Dodged            ||    23

Table legend:
 A = Spawn XP
 B = Non-spawn XP
 C = Spawn XP percentage of total XP
 D = Spawn monster count
 E = Non-spawn monster count
 F = Spawn count percentage of total count
 G = Total turns spent on level
                    A         B        C        D         E        F      G
               +---------+---------+-------+---------+---------+-------+---------
         Total |       0 |      53 |   0.0 |       0 |      16 |   0.0 |   622
               +---------+---------+-------+---------+---------+-------+---------
           D:1 |       0 |       3 |   0.0 |       0 |       2 |   0.0 |   115
           D:2 |       0 |      37 |   0.0 |       0 |       8 |   0.0 |   374
           D:3 |       0 |       7 |   0.0 |       0 |       4 |   0.0 |   123
           D:4 |       0 |       6 |   0.0 |       0 |       2 |   0.0 |    10
               +---------+---------+-------+---------+---------+-------+---------
